 Dungeon Crawl Stone Soup version 0.29-a0-824-gd827844252 (webtiles) character file.

Game seed: 18010465450983895582

51507 Malachi the Fencer (level 15, -1/112 HPs)
             Began as a Djinni Ice Elementalist on July 10, 2022.
             Was a High Priest of Makhleb.
             Slain by a nine-headed hydra (7 damage)
             ... on level 5 of the Lair of Beasts.
             The game lasted 00:55:31 (23720 turns).

Malachi the Fencer (Djinni Ice Elementalist)       Turns: 23720, Time: 00:55:32

Health: -1/112     AC:  8    Str:  7    XL:     15   Next: 2%
Gold:   2698       EV: 12    Int: 29    God:    Makhleb [*****.] SH:  6 Dex: 15

rFire   + + .      SeeInvis .   x - +7 Singing Sword {vorpal, sonic wave}
rCold   + + .      Faith    .   U - +0 buckler
rNeg    . . .      Spirit   .   F - +0 steam dragon scales
rPois   ∞          Reflect  .   K - +1 hat of Beyond {rPois rC+}
rElec   .          Harm     .   q - scarf {rC+ rF+}
rCorr   .          Rampage  .   g - +1 pair of gloves
Will    +....                   (boots unavailable)
Stlth   ++........              J - amulet of regeneration
HPRegen 1.08/turn               D - +6 ring of intelligence
MPRegen 0.00/turn               N - ring of ice

@: about to teleport, flying
A: sickness immunity, fire resistance 2, cold vulnerability 1, float, innate
caster, HP casting, extra vitality 1
a: Renounce Religion, Minor Destruction, Lesser Servant of Makhleb, Major
Destruction, Greater Servant of Makhleb


You were on level 5 of the Lair of Beasts.
You worshipped Makhleb.
Makhleb was extremely pleased with you.
You visited 3 branches of the dungeon, and saw 17 of its levels.
You also visited: Sewer and Bailey.

You collected 2761 gold pieces.
You spent 63 gold pieces at shops.

Inventory:

Hand Weapons
 x - the +7 Singing Sword (weapon) {vorpal, sonic wave}
   (You found it on level 5 of the Dungeon)

   It inflicts extra damage upon your enemies.
   It radiates damaging sonic waves as it strikes, especially in combat
   involving dangerous or numerous foes.
Missiles
 C - 3 throwing nets
 G - 11 curare-tipped darts
Armour
 g - a +1 pair of gloves (worn)
 q - a scarf of resistance (worn)
 y - the +0 robe "Maent" {Rampage rPois Str-2 Archmagi}
   (You found it on level 4 of the Dungeon)

   Str:       It affects your strength (-2).
   rPois:     It protects you from poison.
   Rampage:   It bestows one free step when moving towards enemies.
   Archmagi:  It increases the power of your magical spells.
 F - +0 steam dragon scales (worn)
 H - a +0 robe of willpower
 K - the +1 hat of Beyond (worn) {rPois rC+}
   (You acquired it in a bailey)

   rC:        It protects you from cold.
   rPois:     It protects you from poison.
 O - a +1 robe of cold resistance
 U - a +0 buckler (worn)
Magical Staves
 R - a staff of cold
Jewellery
 m - a ring of wizardry
 v - a ring of resist corrosion
 D - a +6 ring of intelligence (left hand)
 I - a ring of protection from cold
 J - an amulet of regeneration (around neck)
 M - an amulet of the acrobat
 N - a ring of ice (right hand)
Wands
 s - a wand of iceblast (2)
 t - a wand of flame (38)
 S - a wand of charming (6)
 T - a wand of quicksilver (8)
Scrolls
 h - 12 scrolls of teleportation
 l - 2 scrolls of enchant weapon
 o - 5 scrolls of summoning
 w - a scroll of blinking
 B - 3 scrolls of vulnerability
 E - a scroll of fog
 P - a scroll of brand weapon
 Q - 4 scrolls of magic mapping
Potions
 a - 2 potions of resistance
 b - 3 potions of lignification
 c - 3 potions of ambrosia
 d - 3 potions of attraction
 f - a potion of invisibility {unknown}
 i - 4 potions of mutation
 k - 3 potions of berserk rage {unknown}
 n - 7 potions of haste
 p - 3 potions of cancellation {unknown}
 r - 2 potions of flight
 u - a potion of degeneration {unknown}
 z - 4 potions of heal wounds {unknown}
 A - 5 potions of might {unknown}
 L - 3 potions of curing


   Skills:
 - Level 12.0 Fighting
 - Level 0.2(10.3) Short Blades
 - Level 15.9(16.0) Long Blades
 - Level 0.6 Staves
 - Level 2.3 Dodging
 - Level 1.5 Stealth
 * Level 9.6 Shields
 - Level 8.2 Spellcasting
 - Level 0.5 Invocations


You couldn't memorise any spells.
You knew the following spells:

 Your Spells              Type           Power      Damage    Failure   Level
a - Freeze                Ice            100%       1d11      1%          1
b - Frozen Ramparts       Ice            100%       1d12      1%          3
c - Ozocubu's Armour      Ice            74%        N/A       1%          3
d - Hailstorm             Conj/Ice       74%        3d15      1%          4
e - Slow                  Hex            100%       N/A       1%          1
f - Static Discharge      Conj/Air       56%        3-10/arc  1%          2
g - Vampiric Draining     Necr           56%        2d10      1%          3
h - Call Canine Familiar  Summ           56%        N/A       1%          3
i - Petrify               Tmut/Erth      56%        N/A       1%          4
j - Metabolic Englaciati  Hex/Ice        37%        N/A       5%          5
k - Dispersal             Tloc           28%        N/A       28%         6
Your spell library was empty.

Dungeon Overview and Level Annotations

Branches:
Dungeon (10/15)            Temple (1/1) D:6            Lair (6/6) D:8
 Shoals (0/4) Lair:3       Spider (0/4) Lair:4        Slime (0/5) Lair:5
    Orc (0/2) D:10          Sewer (visited)          Bailey (visited)

Altars:
Ashenzari
Cheibriados
Dithmenos
Elyvilon
Fedhas
Gozag
Hepliaklqana
Makhleb
Nemelex Xobeh
Okawaru
Qazlal
Ru
Trog
Uskayaw
Wu Jian
Xom
Yredelemnul
Zin
The Shining One
Jiyva

Shops:
D:10 [

Annotations:
D:10 Psyche


Innate Abilities, Weirdness & Mutations

You are immune to sickness and miasma.
You are immune to poison.
Your flesh is very heat resistant. (rF++)
You are vulnerable to cold. (rC-)
You float through the air rather than walking.
You learn spells naturally, not from books.
Your magical power is your life essence.
You have superior vitality. (+4 MHP)


Message History

You draw life force from the nine-headed hydra!
You feel life coursing into your body. The nine-headed hydra misses you.
The nine-headed hydra completely misses you.
You block the nine-headed hydra's attack.
The nine-headed hydra barely misses you.
The nine-headed hydra bites you.
The nine-headed hydra completely misses you.
The nine-headed hydra closely misses you.
The nine-headed hydra bites you.
The nine-headed hydra bites you but does no damage.
Unknown command.
Press: ? - help, v - describe, . - travel The floor.
Blink to where?
Press: ? - help, Dir - move target, p - nine-headed hydra
Okay, then.
Okay, then.
Blink to where?
Press: ? - help, Dir - move target, p - nine-headed hydra Your icy armour will break if you move.
Continue?
Your icy armour cracks and falls away as you move.
As you read the scroll of blinking, it crumbles to dust.
As you read the scroll of teleportation, it crumbles to dust.
You feel strangely unstable.
Your surroundings seem slightly different.
A nine-headed hydra is nearby!
A nine-headed hydra is nearby!
As you read the scroll of teleportation, it crumbles to dust.
You feel strangely unstable.
The nine-headed hydra attacks as you move away!
The nine-headed hydra bites you! x2
* * * LOW HITPOINT WARNING * * *
The nine-headed hydra bites you but does no damage.
You block the nine-headed hydra's attack.
The nine-headed hydra bites you!
* * * LOW HITPOINT WARNING * * *
The nine-headed hydra bites you!
* * * LOW HITPOINT WARNING * * *
The nine-headed hydra bites you!
You die...

..#### ####..♣...P............#.
..# #..[>......>.............
..## ##..÷.......P............
...## #............♣.♣.........
....### #......♣.......♣♣#..#....
.(..#.###........♣...♣♣........#.
...............'...#.........#...
........##.....D#..##............
........###+##..@######..##..####
....#...###.###### #...####
.........#...# ###...##
.........#...# #....#.#
.>...#......## ##....##
..........#..## ###.###
..............### #######...##
....#....##...#.###.8.##.....###
.#.......##.....#............#.##


You could see a nine-headed hydra.

Vanquished Creatures
  A slime creature (Lair:2)
  Fannar (Lair:2)
  A boulder beetle (Lair:6)
  The ghost of Lasawaed the Arsonist, a journeyman GrFE of Vehumet (Lair:2)
  Harold (D:10)
  2 hydras
  2 two-headed ogres (D:9)
  5 death yaks (Lair:4)
  Sonja (Lair:5)
  The ghost of Bapho the Cleaver, a novice FoGl of Uskayaw (D:5)
  An orc sorcerer (Bailey)
  3 oklob plants (Lair:1)
  7 black mambas
  3 elephants
  Joseph (D:10)
  11 cane toads
  An unseen horror (D:10)
  2 kobold demonologists
  3 komodo dragons
  A polar bear (Lair:5)
  A meliai (Lair:4)
  A tyrant leech (Lair:3)
  9 dream sheep
  17 blink frogs
  A shadow (D:9)
  Sigmund (D:5)
  A spriggan (Lair:5)
  56 yaks
  2 wraiths
  3 fire bats (Lair:2)
  A basilisk (Lair:3)
  2 wyverns (Lair:5)
  Grum (D:9)
  2 steam dragons
  2 swamp worms (Lair:3)
  3 wargs (D:8)
  An acid dragon (D:9)
  A floating eye (Lair:1)
  17 water moccasins
  Duvessa (D:6)
  11 orc warriors
  2 ice beasts
  3 black bears
  13 wolves
  8 centaurs
  A phantom (D:7)
  7 kobold brigands
  A necrophage (D:2)
  11 bullfrogs
  5 scorpions (D:5)
  A gnoll sergeant (D:6)
  Dowan (D:6)
  4 wights (D:8)
  19 killer bees
  10 electric eels
  5 howler monkeys
  2 bullfrog zombies (D:5)
  3 hounds
  2 gnoll boudas
  9 jellies
  Crazy Yiuf (D:6)
  8 orc priests
  A bullfrog skeleton (D:5)
  2 iguanas
  6 orc wizards
  9 gnolls
  11 adders
  2 river rats (Sewer)
  A white imp (D:8)
  An ufetubus (D:5)
  2 worms (D:6)
  4 dart slugs
  55 orcs
  19 endoplasms
  5 giant cockroaches
  22 goblins
  10 hobgoblins
  8 jackals (D:4)
  2 quokkas
  4 ball pythons
  10 bats
  6 frilled lizards
  36 kobolds
  9 rats
  A bush (Lair:5)
525 creatures vanquished.

Vanquished Creatures (others)
  A wolf (Lair:5)
  An ufetubus (D:7)
  60 fungi
  131 plants
193 creatures vanquished.

Grand Total: 718 creatures vanquished

Notes
Turn   | Place    | Note
-------+----------+-------------------------------------------
     0 | D:1      | Malachi the Djinni Ice Elementalist began the quest for the
                  | Orb.
     0 | D:1      | Malachi set off with the following spells memorised:
                  | Freeze, Frozen Ramparts, Ozocubu's Armour, Hailstorm.
     0 | D:1      | Reached XP level 1. HP: 15/15 MP: 0/0
   651 | D:1      | Reached XP level 2. HP: 10/21 MP: 0/0
  1364 | D:1      | Reached XP level 3. HP: 24/25 MP: 0/0
  1364 | D:1      | Learned a level 1 spell: Slow
  1611 | D:2      | Noticed a necrophage
  1627 | D:2      | Killed a necrophage
  1628 | D:2      | Reached XP level 4. HP: 3/31 MP: 0/0
  2117 | D:2      | Reached XP level 5. HP: 32/35 MP: 0/0
  2117 | D:2      | Learned a level 2 spell: Static Discharge
  2193 | D:2      | Found a shimmering altar of Xom.
  2725 | D:3      | Reached skill level 5 in Spellcasting
  3029 | D:3      | Identified the +0 robe of the Lost Path {rF- Str+4 Dex+3}
  3459 | D:4      | Found a stormy altar of Qazlal.
  3767 | D:4      | Identified the +0 robe "Maent" {Rampage rPois Str-2
                  | Archmagi}
  4221 | D:4      | Reached XP level 6. HP: 37/40 MP: 0/0
  4687 | D:5      | Entered Level 5 of the Dungeon
  4720 | D:5      | Noticed Sigmund
  4725 | D:5      | Killed Sigmund
  4726 | D:5      | Reached XP level 7. HP: 19/45 MP: 0/0
  4726 | D:5      | Learned a level 3 spell: Vampiric Draining
  4979 | D:5      | Noticed a water moccasin
  4996 | D:5      | Killed a water moccasin
  5196 | D:5      | Found a runed translucent gate.
  5196 | D:5      | Found a runed translucent gate.
  5196 | D:5      | Found a runed translucent gate.
  5197 | D:5      | Noticed Bapho's ghost (novice FoGl)
  6065 | D:5      | Reached skill level 1 in Fighting
  6065 | D:5      | Reached XP level 8. HP: 11/52 MP: 0/0
  6784 | D:5      | Found the +7 Singing Sword {vorpal, sonic wave}
  7397 | D:6      | Found a glowing drain.
  7401 | Sewer    | Entered a sewer
  7805 | Sewer    | Reached skill level 1 in Long Blades
  7890 | Sewer    | Found a viscous altar of Jiyva.
  7901 | Sewer    | Reached XP level 9. HP: 56/59 MP: 0/0
  7901 | Sewer    | Learned a level 3 spell: Call Canine Familiar
  8027 | D:6      | Noticed Dowan
  8027 | D:6      | Noticed Duvessa
  8033 | D:6      | Reached skill level 2 in Long Blades
  8043 | D:6      | Killed Duvessa
  8044 | D:6      | Killed Dowan
  8493 | D:6      | Reached skill level 3 in Long Blades
  8709 | D:6      | Found a staircase to the Ecumenical Temple.
  8747 | Temple   | Entered the Ecumenical Temple
  9221 | Temple   | Became a worshipper of Makhleb the Destroyer
  9483 | D:6      | Reached skill level 4 in Long Blades
  9868 | D:6      | Found a runed translucent door.
  9869 | D:6      | Noticed Crazy Yiuf
 10104 | D:6      | Killed Crazy Yiuf
 10269 | D:5      | Killed Bapho's ghost
 10270 | D:5      | Reached skill level 5 in Long Blades
 10540 | D:7      | Reached * piety under Makhleb
 10698 | D:7      | Reached skill level 6 in Long Blades
 10698 | D:7      | Reached XP level 10. HP: 33/69 MP: 0/0
 11094 | D:7      | Reached skill level 5 in Fighting
 11810 | D:8      | Reached skill level 7 in Long Blades
 12235 | D:8      | Reached skill level 8 in Long Blades
 12261 | D:8      | Found a staircase to the Lair.
 12923 | D:8      | Reached ** piety under Makhleb
 12949 | D:8      | Identified a scroll of acquirement
 13529 | D:8      | Reached skill level 9 in Long Blades
 13646 | D:8      | Found a white marble altar of Elyvilon.
 14106 | D:9      | Found a blossoming altar of Fedhas.
 14146 | D:9      | Reached XP level 11. HP: 68/78 MP: 0/0
 14146 | D:9      | Learned a level 4 spell: Petrify
 14172 | D:9      | Reached skill level 10 in Long Blades
 14220 | D:9      | Noticed a two-headed ogre
 14558 | D:9      | Reached *** piety under Makhleb
 14595 | D:9      | Noticed Grum
 14596 | D:9      | Found a flagged portal.
 14603 | D:9      | Killed Grum
 14612 | Bailey   | Entered a bailey
 14964 | Bailey   | Noticed an orc sorcerer
 14976 | Bailey   | Killed an orc sorcerer
 15853 | Bailey   | Reached skill level 11 in Long Blades
 16207 | Bailey   | Found an iron altar of Okawaru.
 16253 | Bailey   | Identified the -1 helmet of Fallacy {Str+3}
 16273 | Bailey   | Reached XP level 12. HP: 95/95 MP: 0/0
 16276 | Bailey   | Acquired an amulet of regeneration
 16285 | Bailey   | Acquired the +1 hat of Beyond {rPois rC+}
 16296 | Bailey   | Acquired 978 gold pieces
 16300 | Bailey   | Acquired 748 gold pieces
 16503 | D:9      | Noticed a two-headed ogre
 16508 | D:9      | Killed a two-headed ogre
 16553 | D:9      | Reached **** piety under Makhleb
 16647 | D:9      | Killed a two-headed ogre
 17099 | D:10     | Entered Level 10 of the Dungeon
 17099 | D:10     | Noticed Psyche
 17107 | D:10     | Noticed Harold
 17617 | D:10     | Killed Harold
 17680 | D:10     | Found a staircase to the Orcish Mines.
 17680 | D:10     | Found Couxzo's Armour Emporium.
 17723 | D:10     | Reached skill level 12 in Long Blades
 17723 | D:10     | Noticed Joseph
 17725 | D:10     | Reached XP level 13. HP: 81/101 MP: 0/0
 17725 | D:10     | Learned a level 5 spell: Metabolic Englaciation
 17738 | D:10     | Killed Joseph
 18141 | Lair:1   | Entered Level 1 of the Lair of Beasts
 18160 | Lair:1   | Reached skill level 13 in Long Blades
 18806 | Lair:1   | Identified the +2 chain mail of Cynicism {rF+ Regen+}
 19324 | Lair:2   | Noticed Fannar
 19335 | Lair:2   | Killed Fannar
 19489 | Lair:2   | Reached skill level 14 in Long Blades
 19879 | Lair:2   | Found a runed translucent gate.
 19949 | Lair:2   | Found a runed translucent gate.
 19950 | Lair:2   | Found a runed translucent gate.
 19953 | Lair:2   | Noticed Lasawaed's ghost (journeyman GrFE)
 19957 | Lair:2   | Found a viscous altar of Jiyva.
 19971 | Lair:2   | Killed Lasawaed's ghost
 20433 | Lair:3   | Reached skill level 15 in Long Blades
 20602 | Lair:3   | Found a staircase to the Shoals.
 21068 | Lair:4   | Noticed a six-headed hydra
 21076 | Lair:4   | Killed a nine-headed hydra
 21199 | Lair:4   | Reached XP level 14. HP: 107/107 MP: 0/0
 21232 | Lair:4   | Reached ***** piety under Makhleb
 21645 | Lair:4   | Found a hole to the Spider Nest.
 22078 | D:10     | Bought a +0 buckler for 63 gold pieces
 22207 | Lair:5   | Reached skill level 1 in Shields
 22221 | Lair:5   | Found a staircase to the Slime Pits.
 22336 | Lair:5   | Reached skill level 5 in Shields
 22368 | Lair:5   | Noticed Sonja
 22377 | Lair:5   | Killed Sonja
 23041 | Lair:6   | Entered Level 6 of the Lair of Beasts
 23059 | Lair:6   | Reached ****** piety under Makhleb
 23693 | Lair:6   | Reached XP level 15. HP: 112/112 MP: 0/0
 23693 | Lair:6   | Learned a level 6 spell: Dispersal
 23720 | Lair:5   | Slain by a nine-headed hydra

Illustrated notes

Levels and vault maps discovered:
D:1:      dpeg_arrival_rooms_a, layout_loops_ring
D:2:      layout_rooms, basic_altar, minmay_split_cup_small
D:3:      layout_basic
D:4:      layout_basic, mainiacjoe_overflow_24_doors
D:5:      old_forge, layout_basic, gammafunk_ghost_necromancy,
          wad_floor_pattern_untrapped, interstate_on_off,
          minmay_fractal_squares_5, uniq_sigmund
D:6:      layout_layer_cave, minmay_temple_entry_antechambers,
          gup_sewer_entry_spiral, uniq_duvessa, uniq_crazy_yiuf_cottage
D:7:      layout_gridville
D:8:      layout_loops_ring, mainiacjoe_overflow_catch_the_wave,
          erik_lair_orcish_takeover, nicolae_water_bricks,
          dreamdust_gnoll_shepherd
D:9:      layout_loops_cross, fedhas_altar_4, enter_bailey_5, uniq_grum
D:10:     layout_big_octagon, orc_david_3, uniq_joseph, uniq_harold, uniq_psyche
Temple:   eino_narrow_crystal_temple
Lair:1:   layout_hall_layers, disabler_island, grunt_megastairs_3
Lair:2:   layout_gridlike, gammafunk_ghost_ooze, minmay_stone_trees_small,
          nicolae_lair_lil_pond, grunt_forest_small_clearing_treed, uniq_fannar
Lair:3:   layout_regular_city, minmay_shoals_entry_centaurs, worms_lemuel
Lair:4:   layout_loops_ring, hellmonk_spider_entry_not_the_bees
Lair:5:   layout_roguey, nicolae_slime_entry_slimehenge,
          grunt_forest_stairs_clearing, grunt_megastairs_1, lemuel_fruit_tree,
          uniq_sonja
Lair:6:   grunt_lair_end_beastmaster, layout_loops_ring, lemuel_fruit_fields,
          grunt_megastairs_5

Skill      XL: |  1  2  3  4  5  6  7  8  9 10 11 12 13 14 |
---------------+-------------------------------------------+-----
Spellcasting   | 4 5 6 7 8 |  8.2
Fighting       | 1 2 4 6 11 12 | 12.0
Long Blades    | 1 6 9 11 12 15 | 15.9
Shields        | 9 |  9.6
Short Blades   | |  0.2
Staves         | |  0.6
Dodging        | |  2.3
Stealth        | |  1.5
Invocations    | |  0.5

Action                   |  1- 3 |  4- 6 |  7- 9 | 10-12 | 13-15 || total
-------------------------+-------+-------+-------+-------+-------++-------
Melee: Unarmed           |     4 |       |       |     4 |       ||     8
       Dagger            |    14 |    22 |       |       |       ||    36
       Punch             |     1 |       |       |       |     2 ||     3
       Falchion          |       |       |    34 |       |       ||    34
       Double sword      |       |       |    58 |   123 |   288 ||   469
 Cast: Freeze            |    27 |    56 |    23 |    17 |     2 ||   125
       Frozen Ramparts   |     1 |     7 |    37 |    37 |    30 ||   112
       Ozocubu's Armour  |     1 |     1 |     7 |    15 |    25 ||    49
       Hailstorm         |       |     2 |       |     9 |    10 ||    21
       Vampiric Draining |       |       |     6 |    21 |    36 ||    63
       Call Canine Famil |       |       |     1 |     3 |       ||     4
       Metabolic Englaci |       |       |       |       |     3 ||     3
       Dispersal         |       |       |       |       |     1 ||     1
Evoke: Wand              |       |       |     2 |    11 |     2 ||    15
  Use: Scroll            |       |     6 |     4 |    13 |    13 ||    36
       Potion            |       |       |     2 |     3 |       ||     5
 Stab: Sleeping          |       |     1 |     3 |     1 |     2 ||     7
Armor: Robe              |    10 |    23 |    43 |     8 |       ||    84
       Steam dragon scal |       |       |       |    62 |   148 ||   210
       Skin              |       |       |       |    10 |       ||    10
Dodge: Dodged            |    20 |    63 |   122 |   163 |   228 ||   596
Block: Buckler           |       |       |       |       |    63 ||    63

Table legend: (Time is in decaauts)
 A = Elapsed time spent in this place.
 B = Non-inter-level travel time spent in this place.
 C = Inter-level travel time spent in this place.
 D = Time resting spent in this place.
 E = Time spent auto-exploring this place.
 F = Levels seen in this place.
 G = Mean time per level.
                   A        B        C        D        E       F      G
               +--------+--------+--------+--------+--------+-----+--------+
         Total |  23706 |  22043 |   1663 |   8153 |   9739 |  19 | 1247.7 |
       Dungeon |  15826 |  14487 |   1339 |   5556 |   6674 |  10 | 1582.6 |
        Temple |    693 |    656 |     37 |    476 |    165 |   1 |  693.0 |
          Lair |   4819 |   4533 |    286 |    716 |   2749 |   6 |  803.2 |
         Sewer |    588 |    588 |      0 |    320 |     80 |   1 |  588.0 |
        Bailey |   1779 |   1779 |      0 |   1085 |     71 |   1 | 1779.0 |
               +--------+--------+--------+--------+--------+-----+--------+

Top non-repeatable levels by time:
     D:8: 2945 daAuts
     D:5: 2828 daAuts
     D:1: 1870 daAuts
  Bailey: 1779 daAuts
     D:4: 1695 daAuts
     D:7: 1595 daAuts
     D:9: 1444 daAuts
  Lair:5: 1428 daAuts
     D:6: 1221 daAuts
  Lair:2: 1061 daAuts
  Lair:4: 925 daAuts
     D:3: 902 daAuts
     D:2: 760 daAuts
  Lair:3: 723 daAuts
  Temple: 693 daAuts
